 Dungeon Crawl Stone Soup version 0.24-b1-44-g37ad8b309f (webtiles) character file.

Game seed: 11386451278974421616, levelgen mode: deterministic

1776856 MeekVeins the Wrestler (level 27, 218/261 HPs)
             Began as a Troll Monk on Oct 23, 2019.
             Was the Champion of Ru.
             Escaped with the Orb
             ... and 3 runes on Oct 24, 2019!
             The game lasted 03:40:34 (63277 turns).

MeekVeins the Wrestler (Troll Monk)                Turns: 63277, Time: 03:40:35

Health: 218/261    AC: 51    Str: 43    XL:     27
Magic:  22/22      EV: 11    Int:  7    God:    Ru [******]
Gold:   2606       SH: 32    Dex: 24    Spells: 26/26 levels left

rFire    + + .     SeeInvis +     - Unarmed
rCold    + + .     Gourm    +   f - +2 large shield
rNeg     + . .     Faith    .   i - +11 gold dragon scales
rPois    +         Spirit   .   v - +2 hat {SInv}
rElec    +         Reflect  +   y - +0 cloak of the Lair of Beasts {MR+ Str+4 Dex+4}
rCorr    +         Harm     .   (gloves unavailable)
MR       +++..                  (boots unavailable)
Stlth    ..........             s - +5 amulet of reflection
HPRegen  0.93/turn              I - ring of Robustness {AC+8}
MPRegen  0.18/turn              j - ring of Jobum {+Fly rElec rN+ Dex+2}

@: mighty, agile, resistant, hasted, very quick
A: large, unfitting armour, claws 3, slimy green scales 1, fast metabolism 3,
frail 1, gourmand, mutation resistance 1, poison resistance, regeneration 1,
shaggy fur 1, tough skin 3, inability to use devices, inability to train
dodging, no air magic, no conjurations magic, no hexes magic
0: Orb of Zot
}: 3/15 runes: decaying, serpentine, silver
a: Draw Out Power, Power Leap, Apocalypse, Renounce Religion


You escaped.
You worshipped Ru.
Ru was exalted by your worship.
You were completely stuffed.

You visited 11 branches of the dungeon, and saw 51 of its levels.
You visited the Abyss 3 times.
You also visited: Sewer and Gauntlet.

You collected 6865 gold pieces.
You spent 4259 gold pieces at shops.

Inventory:

Missiles
 u - a silver javelin
 x - 5 boomerangs of dispersal
 C - 46 large rocks (quivered)
 J - 46 boomerangs
Armour
 f - a +2 large shield (worn)
 i - +11 gold dragon scales (worn)
 v - a +2 hat of see invisible (worn)
 y - the +0 cloak of the Lair of Beasts (worn) {MR+ Str+4 Dex+4}
   (You acquired it on level 5 of the Vaults)

   It affects your strength (+4).
   It affects your dexterity (+4).
   It affects your resistance to hostile enchantments.
 V - the +0 hat of Lethargy {rCorr Str+4}
   (You found it on level 2 of the Depths)

   It affects your strength (+4).
   It provides partial protection from all sources of acid and corrosion.
Jewellery
 g - the ring of the Thoughtful Dances {rElec rC+++ AC+2 Str-5}
   (You bought it in a shop on level 3 of the Elven Halls)

   [ring of protection]

   It affects your AC (+2).
   It affects your strength (-5).
   It renders you almost immune to cold.
   It insulates you from electricity.
 j - the ring of Jobum (right claw) {+Fly rElec rN+ Dex+2}
   (You found it in a Gauntlet)

   [ring of flight]

   It affects your dexterity (+2).
   It insulates you from electricity.
   It protects you from negative energy.
   It lets you fly.
 m - an uncursed ring of protection from magic
 n - an uncursed amulet of the acrobat
 s - a +5 amulet of reflection (around neck)
 G - an uncursed amulet of magic regeneration
 I - the ring of Robustness (left claw) {AC+8}
   (You found it on level 13 of the Dungeon)

   [ring of protection]

   It affects your AC (+8).
Scrolls
 h - 7 scrolls of magic mapping
 r - a scroll of silence
 w - 4 scrolls of torment
 B - 6 scrolls of blinking
 E - a scroll of immolation
 F - 9 scrolls of fog
 K - 2 scrolls of holy word
 L - 18 scrolls of amnesia
 R - 9 scrolls of identify
 T - 15 scrolls of teleportation
 U - 4 scrolls of fear
 X - 29 scrolls of remove curse
 Y - a scroll of summoning
Potions
 b - 2 potions of invisibility
 e - 4 potions of ambrosia
 l - 8 potions of lignification
 q - a potion of berserk rage
 t - a potion of magic
 A - a potion of mutation
 D - 4 potions of might
 H - 2 potions of haste
 M - 9 potions of flight
 N - 2 potions of resistance
 O - 12 potions of brilliance
 P - 6 potions of cancellation
 Q - 8 potions of curing
 S - 3 potions of agility
 W - 11 potions of heal wounds
Comestibles
 z - 89 rations


   Skills:
 - Level 20.0 Fighting
   Level 6.0 Maces & Flails
 - Level 16.0 Throwing
 - Level 20.0 Armour
 - Level 1.0 Stealth
 - Level 15.0 Shields
 + Level 25.3 Unarmed Combat


You had 26 spell levels left.
You didn't know any spells.
Your spell library contained the following spells:

 Spells                   Type           Power        Failure   Level  Hunger
 Animate Skeleton         Necr           N/A          94%         1    ##.....
 Apportation              Tloc           #.....       94%         1    ##.....
 Beastly Appendage        Tmut           #.....       94%         1    ##.....
 Pain                     Necr           #...         94%         1    ##.....
 Summon Butterflies       Summ           #.......     94%         1    ##.....
 Summon Small Mammal      Summ           #...         94%         1    ##.....
 Blink                    Tloc           N/A          98%         2    ###....
 Call Imp                 Summ           #.......     98%         2    ###....
 Passwall                 Tmut/Erth      #.......     98%         2    ###....
 Sticks to Snakes         Tmut           #.......     98%         2    ###....
 Call Canine Familiar     Summ           #.......     100%        3    ####...
 Gell's Gravitas          Tloc           #.........   100%        3    ####...
 Lesser Beckoning         Tloc           #.........   100%        3    ####...
 Recall                   Summ/Tloc      N/A          100%        3    ####...
 Regeneration             Chrm/Necr      #.........   100%        3    ####...
 Spider Form              Tmut/Pois      #.........   100%        3    ####...
 Teleport Other           Tloc           #.......     100%        3    ####...
 Vampiric Draining        Necr           #.........   100%        3    ####...
 Animate Dead             Necr           N/A          100%        4    #####..
 Ice Form                 Ice/Tmut       #.......     100%        4    #####..
 Olgreb's Toxic Radiance  Pois           #.......     100%        4    #####..
 Petrify                  Tmut/Erth      #.......     100%        4    #####..
 Summon Ice Beast         Ice/Summ       #.......     100%        4    #####..
 Alistair's Intoxication  Tmut/Pois      #.......     100%        5    ######.
 Aura of Abjuration       Summ           #.........   100%        5    ######.
 Blade Hands              Tmut           #.........   100%        5    ######.
 Lee's Rapid Deconstruct  Erth           #.........   100%        5    ######.
 Summon Demon             Summ           #.........   100%        5    ######.
 Summon Forest            Summ/Tloc      #.........   100%        5    ######.
 Hydra Form               Tmut           #.........   100%        6    #######
 Shadow Creatures         Summ           N/A          100%        6    #######
 Statue Form              Tmut/Erth      #........    100%        6    #######
 Dragon Form              Tmut           #.........   100%        7    #######
 Haunt                    Necr/Summ      #.........   100%        7    #######
 Malign Gateway           Summ/Tloc      #.........   100%        7    #######
 Monstrous Menagerie      Summ           #.........   100%        7    #######
 Ring of Flames           Chrm/Fire      #.........   100%        7    #######
 Summon Greater Demon     Summ           #.........   100%        7    #######
 Summon Hydra             Summ           #.........   100%        7    #######
 Borgnjor's Revivificati  Necr           #.........   100%        8    #######
 Death's Door             Chrm/Necr      #.........   100%        8    #######
 Disjunction              Tloc           #.........   100%        8    #######
 Ignition                 Fire           #.........   100%        8    #######
 Infestation              Necr           #.........   100%        8    #######
 Necromutation            Tmut/Necr      #.........   100%        8    #######
 Summon Horrible Things   Summ           #.........   100%        8    #######
 Dragon's Call            Summ           #.........   100%        9    #######
 Shatter                  Erth           #.........   100%        9    #######
 Confusing Touch          Hex            Unusable     N/A         1    N/A
 Corona                   Hex            Unusable     N/A         1    N/A
 Flame Tongue             Conj/Fire      Unusable     N/A         1    N/A
 Magic Dart               Conj           Unusable     N/A         1    N/A
 Sting                    Conj/Pois      Unusable     N/A         1    N/A
 Ensorcelled Hibernation  Hex/Ice        Unusable     N/A         2    N/A
 Poisonous Vapours        Pois/Air       Unusable     N/A         2    N/A
 Searing Ray              Conj           Unusable     N/A         2    N/A
 Slow                     Hex            Unusable     N/A         2    N/A
 Swiftness                Chrm/Air       Unusable     N/A         2    N/A
 Throw Flame              Conj/Fire      Unusable     N/A         2    N/A
 Confuse                  Hex            Unusable     N/A         3    N/A
 Conjure Flame            Conj/Fire      Unusable     N/A         3    N/A
 Dazzling Spray           Conj/Hex       Unusable     N/A         3    N/A
 Inner Flame              Hex/Fire       Unusable     N/A         3    N/A
 Mephitic Cloud           Conj/Pois/Air  Unusable     N/A         3    N/A
 Portal Projectile        Hex/Tloc       Unusable     N/A         3    N/A
 Static Discharge         Conj/Air       Unusable     N/A         3    N/A
 Stone Arrow              Conj/Erth      Unusable     N/A         3    N/A
 Tukima's Dance           Hex            Unusable     N/A         3    N/A
 Cause Fear               Hex            Unusable     N/A         4    N/A
 Force Lance              Conj/Tloc      Unusable     N/A         4    N/A
 Fulminant Prism          Conj/Hex       Unusable     N/A         4    N/A
 Iskenderun's Mystic Bla  Conj           Unusable     N/A         4    N/A
 Leda's Liquefaction      Hex/Erth       Unusable     N/A         4    N/A
 Passage of Golubria      Tloc           Unusable     N/A         4    N/A
 Sticky Flame             Conj/Fire      Unusable     N/A         4    N/A
 Bolt of Magma            Conj/Fire/Erth Unusable     N/A         5    N/A
 Fireball                 Conj/Fire      Unusable     N/A         5    N/A
 Irradiate                Conj/Tmut      Unusable     N/A         5    N/A
 Iskenderun's Battlesphe  Conj/Chrm      Unusable     N/A         5    N/A
 Lightning Bolt           Conj/Air       Unusable     N/A         5    N/A
 Metabolic Englaciation   Hex/Ice        Unusable     N/A         5    N/A
 Silence                  Hex/Air        Unusable     N/A         5    N/A
 Summon Mana Viper        Hex/Summ       Unusable     N/A         5    N/A
 Venom Bolt               Conj/Pois      Unusable     N/A         5    N/A
 Yara's Violent Unravell  Hex/Tmut       Unusable     N/A         5    N/A
 Darkness                 Hex            Unusable     N/A         6    N/A
 Deflect Missiles         Chrm/Air       Unusable     N/A         6    N/A
 Freezing Cloud           Conj/Ice/Air   Unusable     N/A         6    N/A
 Invisibility             Hex            Unusable     N/A         6    N/A
 Iron Shot                Conj/Erth      Unusable     N/A         6    N/A
 Poison Arrow             Conj/Pois      Unusable     N/A         6    N/A
 Orb of Destruction       Conj           Unusable     N/A         7    N/A
 Spellforged Servitor     Conj/Summ      Unusable     N/A         7    N/A
 Chain Lightning          Conj/Air       Unusable     N/A         8    N/A
 Discord                  Hex            Unusable     N/A         8    N/A
 Lehudib's Crystal Spear  Conj/Erth      Unusable     N/A         8    N/A
 Fire Storm               Conj/Fire      Unusable     N/A         9    N/A
 Glaciate                 Conj/Ice       Unusable     N/A         9    N/A
 Tornado                  Air            Unusable     N/A         9    N/A

Dungeon Overview and Level Annotations

Branches:
Dungeon (15/15)            Temple (1/1) D:6            Lair (6/6) D:10
  Swamp (4/4) Lair:4        Snake (4/4) Lair:2        Slime (0/5) Lair:5
    Orc (2/2) D:9             Elf (3/3) Orc:2        Vaults (5/5) D:14
  Crypt (0/3) Vaults:2     Depths (5/5) D:15           Hell (visited)
    Zot (5/5) Depths:5      Sewer (visited)         Gauntlet (visited)
    Dis: Hell:1         Geh: Hell:1         Coc: Hell:1         Tar: Hell:1

Altars:
Cheibriados
Dithmenos
Gozag
Hepliaklqana
Kikubaaqudgha
Makhleb
Nemelex Xobeh
Okawaru
Qazlal
Ru
Sif Muna
Trog
Uskayaw
Vehumet
Wu Jian
Xom
Yredelemnul
Zin
The Shining One
Beogh
Lugonu

Shops:
D:4 !   D:8 ?   D:11 %   D:15 [   Orc:1 *%[   Orc:2 *[([   Elf:2 [   Elf:3 =
Snake:4 *   Vaults:2 [*}   Depths:2 }?!   Depths:4 *

Portals:
Hell: Depths:1 Depths:2 Depths:3 Depths:4 Depths:5
Abyss: Depths:4
Pandemonium: Depths:3
Ziggurat: Depths:1

Annotations:
D:3 2 runed translucent doors, Fv001's ghost, amateur DrCj
D:6 1 runed translucent door
Lair:5 exclusion: oklob plant
Snake:2 3 runed translucent doors, Kicir's ghost, adept GnFi
Elf:2 5 runed translucent doors
Depths:4 2 runed translucent doors, Plog's ghost, adept DgCj
Hell Geryon
Zot:5 1 exclusion


Innate Abilities, Weirdness & Mutations

You are too large for most types of armour.
You have claws for hands.
Your metabolism is lightning-fast.
You are frail. (-10% HP)
You like to eat raw meat.
Your natural rate of healing is unusually fast.
You are covered in fur. (AC +1)
You have extremely tough skin. (AC +3)
You cannot study or use magical devices.
You cannot train Dodging skill.
You cannot study or cast Air magic.
You cannot study or cast Conjurations magic.
You cannot study or cast Hexes magic.
You are partially covered in slimy green scales. (AC +2)
You are somewhat resistant to further mutation.
Your system is resistant to poisons. (rPois)


Message History

No target in view!
C - 45 large rocks (gained 1)
An Executioner comes into view.
You barely miss the Executioner.
You redirect the Executioner's attack!
You block the Executioner's attack. x5
The Executioner hits you but does no damage.
You closely miss the Executioner. The Executioner hits you!
The Executioner hits you but does no damage.
You block the Executioner's attack.
You mangle the Executioner!!
The Executioner is moderately wounded.
You block the Executioner's attack.
The Executioner hits you but does no damage.
You block the Executioner's attack.
You miss the Executioner.
The Executioner is moderately wounded.
The Executioner hits you but does no damage.
You block the Executioner's attack.
The Executioner hits you but does no damage.
You closely miss the Executioner.
The Executioner is moderately wounded.
The Executioner begins to attack, but is stunned by your will!
You barely miss the Executioner.
The Executioner is moderately wounded.
You block the Executioner's attack.
The Executioner hits you but does no damage.
You block the Executioner's attack.
You eviscerate the Executioner!!!
You kill the Executioner!
No target in view!
C - 46 large rocks (gained 1)
There is a staircase leading out of the dungeon here.
Really quaff the potion of mutation?
You feel extremely strange.
You feel stronger.
You feel yourself wasting away. A pair of horns grows on your head!
You feel frail.
Slimy green scales grow over part of your body.
Really quaff the potion of mutation?
You feel extremely strange.
You feel robust.
You feel healthier. The horns on your head shrink away.
You feel resistant to poisons.
You feel genetically stable.
Okay, then.
You feel yourself speed up.
You feel very mighty all of a sudden.
You feel agile all of a sudden.
You eat one of the 91 rations.
That ration really hit the spot!
You eat one of the 90 rations.
That ration really hit the spot!
You feel protected.
You have escaped!

###.####.# ####...#### ###.# #.
#.# #.# #.........# #.# #.
#.####.# #.......>.# #.# #.
#.....)# #.........# ###.# #.
#.####.# ####...#### #...# #.
#......# #...# ##### #. #.####.#
####...#### ## #.####.#
#.........# ####### #....#.#
#.8..@..8.# #...... #..#...#
#.........# ##.##### #....###
########### #...# #.#..# #...#
###....# ### ######รท..####
.......# #.# #.#.........#
######.#####.########............
#...)............#.........#
####.###.##......####...####


There were no monsters in sight!

Vanquished Creatures
  A pandemonium lord (Zot:5)
  4 orbs of fire (Zot:5)
  Mennas (Vaults:5)
  A juggernaut (Depths:2)
  5 ancient liches
  Sojobo (Vaults:5)
  Vashnia (Snake:2)
  5 Killer Klowns (Zot:5)
  A curse toe (Zot:5)
  10 large abominations
  7 golden dragons
  A profane servitor (Abyss:3)
  2 electric golems (Zot:5)
  5 liches
  Rupert (Lair:5)
  2 Ice Fiends
  2 quicksilver dragons
  4 tentacled monstrosities
  2 deep elf blademasters (Elf:3)
  25 Orb Guardians
  2 deep elf master archers (Elf:3)
  Asterion (Elf:1)
  4 Executioners
  9 titans
  Frances (Snake:2)
  2 ancient champions (Vaults:2)
  4 death cobs
  3 tentacled starspawn
  2 thorn hunters (Swamp:4)
  15 tengu reavers
  Agnes (Elf:1)
  Donald (Swamp:2)
  11 storm dragons
  6 shadow dragons
  4 draconian monks
  3 daevas (Depths:1)
  12 fire giants
  8 nagarajas
  10 frost giants
  9 deep elf sorcerers
  An iron dragon (Vaults:5)
  A balrug (Abyss:5)
  2 orc warlords
  4 ghost moths
  15 vault wardens
  A warmonger (Zot:5)
  2 draconian scorchers
  A cacodemon (D:1)
  5 angels
  23 ironheart preservers
  2 draconian shifters (Zot:5)
  5 deep elf elementalists
  5 draconian annihilators (Zot:5)
  2 draconian stormcallers (Zot:5)
  A war gargoyle (Vaults:5)
  15 stone giants
  4 green draconians
  A vampire knight (Depths:4)
  4 spriggan defenders (Depths:4)
  4 black draconians
  A corrupter (Zot:5)
  33 very ugly things
  The ghost of Raneoc the Severer, a journeyman MiFi of Okawaru (Lair:4)
  Nessos (D:12)
  9 deep elf annihilators
  Azrael (D:15)
  7 deep elf demonologists
  3 entropy weavers (Vaults:4)
  3 purple draconians
  A minotaur (Gauntlet)
  5 white draconians
  3 blizzard demons
  6 yellow draconians
  A spark wasp (shapeshifter) (Vaults:5)
  3 spark wasps (Depths:4)
  13 ettins
  26 yaktaur captains
  4 red draconians
  5 jiangshi
  9 deep elf death magi
  9 fire dragons
  7 great orbs of eyes
  Josephine (Lair:4)
  4 deep elf high priests
  Harold (D:9)
  12 ice dragons
  A merfolk impaler (Depths:1)
  22 naga warriors
  28 vault guards
  3 rakshasas
  21 hydras
  4 spriggan air magi
  13 alligators
  3 ghost crabs
  8 anacondas
  2 death knights
  10 centaur warriors
  49 two-headed ogres
  2 catoblepae (Lair:6)
  16 deep troll earth magi
  14 deep troll shamans
  12 dancing weapons
  A shambling mangrove (Swamp:3)
  5 thrashing horrors
  7 vampire magi
  24 ogre magi
  11 death yaks
  4 hell hogs (D:3)
  3 tengu warriors
  3 orc high priests (Orc:2)
  8 spriggan berserkers
  7 shock serpents
  9 deep elf knights
  23 naga sharpshooters
  Nergalle (Lair:3)
  Sonja (Lair:6)
  Urug (Orc:1)
  10 iron trolls
  2 sun demons
  6 cherubim (Depths:1)
  2 shadow wraiths
  A salamander mystic (Snake:2)
  3 sixfirhies
  10 skeletal warriors
  A spriggan druid (Swamp:3)
  51 deep trolls
  An unseen horror (D:15)
  6 flayed ghosts
  9 swamp dragons
  An unseen horror (shapeshifter) (D:13)
  An obsidian statue (Vaults:3)
  A shadow demon (Zot:5)
  4 lindwurms
  4 wizards
  4 glowing orange brains
  3 infernal demonspawn
  Pikel (D:5)
  2 phantasmal warriors (Vaults:5)
  18 deep elf archers
  11 ironbrand convokers
  36 deep elf magi
  8 naga ritualists
  A lindwurm (shapeshifter) (Depths:1)
  12 orc knights
  2 harpies
  8 mana vipers
  A harpy (shapeshifter) (Depths:2)
  A human zombie (Vaults:5)
  4 necromancers
  5 wolf spiders
  38 ugly things
  4 orc sorcerers
  3 cyclopes
  3 manticores
  A glowing shapeshifter (Depths:3)
  A frost giant zombie (D:15)
  A worldbinder (Abyss:3)
  7 moths of wrath
  A sphinx skeleton (D:15)
  A shining eye (shapeshifter) (Vaults:4)
  2 centaur zombies
  11 guardian serpents
  8 salamanders
  9 elephants
  31 black mambas
  21 naga magi
  Joseph (D:8)
  An eye of devastation (Abyss:3)
  A gargoyle (D:12)
  26 vault sentinels
  An apocalypse crab (Abyss:5)
  2 hellions
  6 smoke demons
  2 torpor snails
  A yaktaur zombie (Depths:1)
  30 spiny frogs
  A komodo dragon (shapeshifter) (D:13)
  A kobold demonologist (D:15)
  3 efreet
  An ice devil (Zot:3)
  68 yaktaurs
  10 rime drakes
  6 komodo dragons
  A redback zombie (D:14)
  A tormentor (D:11)
  2 ancient zymes
  4 freezing wraiths
  A hellwing (D:1)
  A human skeleton (Vaults:5)
  6 tengu conjurers
  2 polar bears
  3 meliai (Lair:4)
  A yaktaur skeleton (Depths:1)
  14 hornets
  A queen bee (shapeshifter) (Depths:2)
  A troll (shapeshifter) (Vaults:4)
  A harpy zombie (Abyss:3)
  A queen bee (Lair:4)
  8 tyrant leeches
  8 trolls
  A hornet (shapeshifter) (Vaults:3)
  18 blink frogs
  10 dream sheep
  31 slime creatures
  4 hippogriffs
  A slime creature (shapeshifter) (Depths:4)
  2 bog bodies
  A raiju (shapeshifter) (Vaults:3)
  An iron dragon simulacrum (Vaults:5)
  A dream sheep (shapeshifter) (Vaults:5)
  2 raiju (D:13)
  Grinder (D:3)
  An ettin zombie (D:15)
  A meliai zombie (D:14)
  2 shadows
  13 starcursed masses
  Sigmund (D:2)
  2 air elementals (Elf:3)
  9 spriggans
  A tarantella (Vaults:4)
  10 water elementals
  2 ynoxinuls
  A vampire (D:11)
  7 wyverns
  An ettin skeleton (Depths:1)
  A spriggan skeleton (D:15)
  43 yaks
  5 small abominations
  13 vampire mosquitoes
  8 fire elementals
  7 basilisks
  2 hungry ghosts
  2 neqoxecs
  A steam dragon (shapeshifter) (Elf:1)
  7 wraiths
  2 steam dragons
  5 insubstantial wisps
  5 wargs
  67 nagas
  4 acid dragons
  13 hell hounds
  18 swamp worms
  A floating eye (Depths:4)
  15 water moccasins
  2 soldier ants (shapeshifter)
  10 soldier ants
  2 black bears
  44 orc warriors
  6 porcupines
  Purgy (Sewer)
  14 swamp drakes
  An ettin simulacrum (Vaults:5)
  An eye of draining (D:14)
  7 sky beasts
  A hornet zombie (D:9)
  2 phantoms
  2 slaves (D:5)
  3 ice beasts
  A necrophage (D:6)
  12 wolves
  An ogre (shapeshifter) (Depths:4)
  15 boggarts
  21 centaurs
  55 ogres
  13 crocodiles
  A big kobold (D:8)
  2 earth elementals
  A gnoll sergeant (D:6)
  18 bullfrogs
  A wyvern zombie (D:13)
  2 wyvern skeletons
  A scorpion (D:13)
  A water moccasin skeleton (D:9)
  An elf simulacrum (Vaults:2)
  49 killer bees
  3 wights
  2 electric eels (D:14)
  6 crimson imps
  A howler monkey (D:8)
  2 bullfrog zombies
  3 human simulacra
  22 orc priests
  16 hounds
  8 jellies
  2 bullfrog skeletons
  Jessica (D:2)
  4 centaur skeletons
  8 iguanas
  22 orc wizards
  7 hell rats (Lair:3)
  22 worker ants
  A hound zombie (D:5)
  A hound skeleton (D:4)
  A worker ant zombie (D:6)
  6 gnolls
  A howler monkey skeleton (D:8)
  2 river rats
  12 adders
  6 shadow imps
  A white imp (Abyss:3)
  13 oozes (Lair:5)
  A worm (D:2)
  4 adder skeletons
  5 leopard geckos
  100 orcs
  4 ball pythons
  13 bats
  7 giant cockroaches
  4 goblins
  A goblin (shapeshifter) (Vaults:5)
  6 hobgoblins
  10 jackals
  3 quokkas
  6 frilled lizards
  11 kobolds
  4 rats
  A briar patch (Swamp:4)
  2 crawling corpses
  8 fungi
  14 plants
  A starspawn tentacle (Abyss:3)
2373 creatures vanquished.

Vanquished Creatures (collateral kills)
  A centaur (D:11)
  2 orcs (D:11)
3 creatures vanquished.

Vanquished Creatures (others)
  A tentacled monstrosity (Zot:2)
  2 Orb Guardians (Zot:5)
  A quicksilver dragon (Zot:3)
  A storm dragon (Zot:5)
  A deep elf elementalist (Elf:3)
  An ironheart preserver (Vaults:2)
  A yaktaur captain (Depths:4)
  A catoblepas (D:15)
  A two-headed ogre (D:14)
  An alligator (Swamp:1)
  A shock serpent (Snake:4)
  2 slime creatures
  A sixfirhy (D:1)
  A deep troll (Vaults:1)
  A swamp dragon (Swamp:4)
  A lindwurm (Swamp:4)
  An ironbrand convoker (Vaults:3)
  A wolf spider (shapeshifter) (Vaults:5)
  A deep elf mage (Elf:1)
  2 elephants
  A manticore (D:9)
  A vault sentinel (Vaults:3)
  A spiny frog (Lair:5)
  3 yaktaurs
  A jumping spider (shapeshifter) (D:13)
  A bog body (Swamp:2)
  2 tyrant leeches
  2 hippogriffs
  A shadow (Swamp:2)
  A yak (D:14)
  A wraith (Vaults:5)
  A steam dragon (Swamp:4)
  A swamp worm (Swamp:4)
  A warg (shapeshifter) (Vaults:5)
  A water moccasin (Lair:5)
  An elf simulacrum (Vaults:5)
  7 swamp drakes (Swamp:4)
  4 ogres
  2 centaurs
  A crocodile (Lair:3)
  An orc priest (Vaults:1)
  4 orcs
  A briar patch (Swamp:4)
  A crawling corpse (Elf:3)
  16 fungi
  24 plants
  4 starspawn tentacles
  4 withered plants
112 creatures vanquished.

Grand Total: 2488 creatures vanquished

Notes
Turn   | Place    | Note
-------+----------+-------------------------------------------
     0 | D:1      | MeekVeins the Troll Monk began the quest for the Orb.
     0 | D:1      | Reached XP level 1. HP: 22/22 MP: 0/0
   263 | D:1      | Reached XP level 2. HP: 29/29 MP: 1/1
   446 | D:1      | Reached skill level 4 in Unarmed Combat
   642 | D:2      | Noticed Sigmund
   681 | D:2      | Killed Sigmund
   681 | D:2      | Reached skill level 6 in Unarmed Combat
   681 | D:2      | Reached XP level 3. HP: 23/36 MP: 2/2
   681 | D:2      | Reached XP level 4. HP: 28/44 MP: 3/3
   681 | D:2      | Reached XP level 5. HP: 32/50 MP: 4/4
   758 | D:2      | Reached skill level 1 in Throwing
   786 | D:2      | Noticed Jessica
   792 | D:2      | Killed Jessica
  1393 | D:3      | Found a hazy altar of Hepliaklqana.
  1446 | D:3      | Noticed Grinder
  1452 | D:3      | Paralysed by Grinder for 5 turns
  1462 | D:3      | Killed Grinder
  1462 | D:3      | Reached XP level 6. HP: 48/61 MP: 5/5
  1759 | D:3      | Found a large runed translucent door.
  1759 | D:3      | Found a large runed translucent door.
  1779 | D:3      | Noticed Fv001's ghost (amateur DrCj)
  2085 | D:4      | Found Ampeaz's Distillery.
  2201 | D:4      | Reached XP level 7. HP: 64/68 MP: 6/6
  2526 | D:4      | Found a glowing drain.
  2530 | Sewer    | Entered a sewer
  2583 | Sewer    | Noticed Purgy
  2594 | Sewer    | Killed Purgy
  2832 | D:4      | Bought a potion of flight for 33 gold pieces
  2832 | D:4      | Bought 2 potions of heal wounds for 110 gold pieces
  3106 | D:5      | Entered Level 5 of the Dungeon
  3263 | D:5      | Reached skill level 7 in Unarmed Combat
  3351 | D:5      | Noticed Pikel
  3388 | D:5      | Killed Pikel
  3388 | D:5      | Reached skill level 9 in Unarmed Combat
  3388 | D:5      | Reached XP level 8. HP: 61/78 MP: 7/7
  4121 | D:5      | Noticed a moth of wrath
  4124 | D:5      | Found a bloodstained altar of Trog.
  4175 | D:6      | Reached skill level 5 in Fighting
  4191 | D:6      | Found a staircase to the Ecumenical Temple.
  4207 | Temple   | Entered the Ecumenical Temple
  4250 | Temple   | Became a worshipper of Ru the Awakened
  4261 | Temple   | Gained mutation: You cannot study or cast Air magic. [Ru
                  | sacrifice]
  4261 | Temple   | Gained mutation: You cannot study or cast Hexes magic. [Ru
                  | sacrifice]
  4261 | Temple   | Gained mutation: You cannot study or cast Conjurations
                  | magic. [Ru sacrifice]
  4261 | Temple   | Reached * piety under Ru
  4301 | D:6      | Found the +8 longbow "Zephyr" {speed, Dex+3 SInv}
  4359 | D:6      | Reached skill level 5 in Throwing
  4408 | D:6      | Reached XP level 9. HP: 87/88 MP: 8/8
  4616 | D:6      | Found a stormy altar of Qazlal.
  4635 | D:6      | Found the +9 staff of Olgreb {rPois}
  4646 | D:6      | Found a runed translucent gate.
  4646 | D:6      | Found a runed translucent gate.
  4648 | D:6      | Found a runed translucent door.
  4667 | D:6      | Found a runed translucent gate.
  4675 | D:6      | Found a runed translucent door.
  5026 | D:7      | Reached skill level 10 in Unarmed Combat
  5591 | D:8      | Reached skill level 1 in Shields
  5639 | D:8      | Noticed a two-headed ogre
  5664 | D:8      | Killed a two-headed ogre
  5664 | D:8      | Reached skill level 11 in Unarmed Combat
  5787 | D:8      | Reached XP level 10. HP: 85/98 MP: 9/9
  5856 | D:8      | Gained mutation: You are frail. (-10% HP) [Ru sacrifice]
  5856 | D:8      | Reached ** piety under Ru
  5856 | D:8      | Reached *** piety under Ru
  6006 | D:8      | Noticed Joseph
  6006 | D:8      | You fall into a shaft and drop 3 floors!
  6059 | D:11     | Reached skill level 1 in Evocations
  6341 | D:11     | Noticed a red ugly thing
  6447 | D:11     | Killed a red ugly thing
  6734 | D:11     | Reached skill level 5 in Shields
  6770 | D:11     | Found Vuetheo's Food Emporium.
  6951 | D:10     | Entered Level 10 of the Dungeon
  7113 | D:9      | Noticed Harold
  7142 | D:9      | Killed Harold
  7423 | D:9      | Noticed a manticore
  7435 | D:9      | Killed a manticore
  7435 | D:9      | Reached XP level 11. HP: 40/94 MP: 13/13
  7691 | D:9      | Gained mutation: You cannot study or use magical devices.
                  | [Ru sacrifice]
  7691 | D:9      | Reached **** piety under Ru
  7691 | D:9      | Reached ***** piety under Ru
  7705 | D:9      | Identified the ring "Timoaklu" {+Blink +Fly rElec AC+1
                  | Str+4}
  7780 | D:9      | Found a staircase to the Orcish Mines.
  8397 | D:8      | Found Kisesuck's Magic Scroll Emporium.
  8400 | D:8      | Bought a scroll of teleportation for 48 gold pieces
  8400 | D:8      | Bought a scroll of immolation for 56 gold pieces
  8400 | D:8      | Bought a scroll of magic mapping for 56 gold pieces
  8400 | D:8      | Bought a scroll of fog for 32 gold pieces
  8400 | D:8      | Bought a scroll of identify for 32 gold pieces
  8400 | D:8      | Bought a scroll of remove curse for 48 gold pieces
  8539 | D:8      | Killed Joseph
  8990 | D:10     | Found a staircase to the Lair.
  9676 | D:10     | Noticed a tengu warrior
  9684 | D:10     | Killed a tengu warrior
  9854 | Lair:1   | Entered Level 1 of the Lair of Beasts
 11097 | Lair:2   | Reached skill level 1 in Armour
 11097 | Lair:2   | Reached XP level 12. HP: 107/107 MP: 11/11
 11437 | Lair:2   | Found a staircase to the Snake Pit.
 12251 | Lair:3   | Reached skill level 12 in Unarmed Combat
 12432 | Lair:3   | Reached skill level 5 in Armour
 12560 | Lair:3   | Noticed a six-headed hydra
 12643 | Lair:3   | Reached skill level 1 in Maces & Flails
 12842 | Lair:3   | Killed a six-headed hydra
 13224 | Lair:4   | Noticed Nergalle
 13250 | Lair:3   | Killed Nergalle
 13453 | Lair:4   | Noticed a death yak
 13462 | Lair:4   | Noticed a death yak
 13462 | Lair:4   | Noticed a death yak
 13565 | Lair:3   | Killed a death yak
 13667 | Lair:2   | Killed a death yak
 13776 | Lair:3   | Killed a death yak
 13853 | Lair:4   | Reached XP level 13. HP: 92/117 MP: 12/12
 14141 | Lair:4   | Noticed Josephine
 14425 | Lair:4   | Got a smoking amber ring
 14438 | Lair:4   | Identified the ring of Baock {rF+ Int+4} (You found it on
                  | level 4 of the Lair of Beasts)
 14486 | Lair:4   | Gained mutation: You cannot train Dodging skill. [Ru
                  | sacrifice]
 14486 | Lair:4   | Reached ****** piety under Ru
 14489 | Lair:4   | Found a transporter.
 14498 | Lair:4   | Noticed Raneoc's ghost (journeyman MiFi)
 14508 | Lair:4   | Found an iron altar of Okawaru.
 14526 | Lair:4   | Found a staircase to the Swamp.
 14545 | Lair:4   | Found a transporter.
 14780 | Lair:4   | Reached skill level 5 in Maces & Flails
 14995 | Lair:4   | Killed Josephine
 15274 | Lair:5   | Reached skill level 10 in Fighting
 15400 | Lair:5   | Reached skill level 13 in Unarmed Combat
 15709 | Lair:5   | Found a staircase to the Slime Pits.
 16239 | Lair:6   | Entered Level 6 of the Lair of Beasts
 16239 | Lair:6   | Noticed Rupert
 16249 | Lair:6   | Reached XP level 14. HP: 90/129 MP: 4/13
 16261 | Lair:5   | Killed Rupert
 16698 | Lair:6   | Reached skill level 14 in Unarmed Combat
 16935 | Lair:6   | Noticed Sonja
 16961 | Lair:6   | Killed Sonja
 18397 | Orc:1    | Entered Level 1 of the Orcish Mines
 18398 | Orc:1    | Found Feaqefun's Fabulous Fripperies.
 18824 | Swamp:1  | Entered Level 1 of the Swamp
 19040 | Swamp:1  | Noticed a tentacled monstrosity
 19063 | Swamp:1  | Killed a tentacled monstrosity
 19063 | Swamp:1  | Reached skill level 15 in Unarmed Combat
 19233 | Swamp:1  | HP: 8/201 [something (6)]
 19235 | Swamp:1  | HP: 3/201 [something (1)]
 19851 | Orc:2    | Entered Level 2 of the Orcish Mines
 19862 | Orc:2    | Found a gate leading to a gauntlet.
 19904 | Orc:2    | Found a roughly hewn altar of Beogh.
 19929 | Gauntlet | Entered a Gauntlet
 19929 | Gauntlet | Found a transporter.
 19937 | Gauntlet | Found a runed translucent door.
 19938 | Gauntlet | Found a transporter.
 19939 | Gauntlet | Found a runed translucent door.
 19941 | Gauntlet | Found a transporter.
 19945 | Gauntlet | Found a transporter.
 19950 | Gauntlet | Found a transporter.
 19950 | Gauntlet | Found a transporter.
 19954 | Gauntlet | Found a transporter.
 19959 | Gauntlet | Found a transporter.
 19974 | Gauntlet | Found a transporter.
 19994 | Gauntlet | Found a transporter.
 19995 | Gauntlet | Found a transporter.
 20003 | Gauntlet | Found a transporter.
 20162 | Gauntlet | Got a pitted iron amulet
 20197 | Gauntlet | Got a heavily runed turquoise ring
 20201 | Gauntlet | Reached XP level 15. HP: 131/140 MP: 14/14
 20300 | Gauntlet | Found the +8 frozen axe "Frostbite" {freezing cloud, *Noise
                  | +Fly rC+}
 20311 | Orc:2    | Identified the ring of Jobum {+Fly rElec rN+ Dex+2} (You
                  | found it in a Gauntlet)
 20428 | Orc:2    | Found a roughly hewn altar of Beogh.
 20428 | Orc:2    | Found Porchecoj's Assorted Antiques.
 20991 | Orc:1    | Found Huapsos's Antique Armour Shop.
 21076 | Orc:1    | Found Ilamo's Food Shop.
 21082 | Orc:1    | Noticed Urug
 21084 | Orc:1    | Noticed an orc warlord
 21099 | Orc:1    | Killed an orc warlord
 21102 | Orc:1    | Killed Urug
 21343 | Orc:2    | Found a staircase to the Elven Halls.
 21446 | Orc:2    | Noticed an orc warlord
 21523 | Orc:2    | Killed an orc warlord
 21683 | Orc:2    | Found Niemm's Antique Weapon Emporium.
 21692 | Orc:2    | Found Tyan's Antique Armour Shoppe.
 21693 | Orc:2    | Found a roughly hewn altar of Beogh.
 21898 | Orc:2    | Found a roughly hewn altar of Beogh.
 21991 | Orc:2    | Found a roughly hewn altar of Beogh.
 21994 | Orc:2    | Found Jahuishu's Armour Boutique.
 22002 | Orc:2    | Bought a +0 cloak of magic resistance for 115 gold pieces
 22900 | D:12     | Identified the amulet "Lukkam" {Harm -Tele *Drain rC+ Str+2
                  | Int-2 Dex+6} (You found it in a Gauntlet)
 23362 | D:13     | Found a transporter.
 23362 | D:13     | Found a corrupted altar of Lugonu.
 23460 | D:13     | Found a transporter.
 23467 | D:13     | Found the ring of Robustness {AC+8}
 23886 | D:13     | Reached skill level 16 in Unarmed Combat
 24072 | D:13     | Got a fine golden amulet
 24363 | D:14     | Found a gate to the Vaults.
 24989 | D:14     | Noticed a tengu reaver
 25011 | D:14     | Killed a tengu reaver
 25011 | D:14     | Reached skill level 10 in Armour
 25011 | D:14     | Reached XP level 16. HP: 130/148 MP: 15/15
 25264 | D:14     | Found a hazy altar of Hepliaklqana.
 25428 | D:15     | Entered Level 15 of the Dungeon
 25549 | D:15     | Found a staircase to the Depths.
 25604 | D:15     | Identified the amulet "Pulet" {RegenMP Str+3} (You found it
                  | on level 13 of the Dungeon)
 25741 | D:15     | Noticed Azrael
 25767 | D:15     | Killed Azrael
 26051 | D:15     | Found Ovisukluch's Armour Boutique.
 26093 | D:15     | Identified the Almanac of the Dusty Volcanoes
 26473 | D:12     | Noticed Nessos
 26492 | D:12     | Killed Nessos
 26744 | Lair:4   | Killed Raneoc's ghost
 27353 | Snake:1  | Entered Level 1 of the Snake Pit
 28140 | Snake:1  | You fall into a shaft and drop 1 floor!
 28198 | Snake:2  | Noticed Frances
 28221 | Snake:2  | Killed Frances
 28500 | Snake:1  | Reached skill level 17 in Unarmed Combat
 28703 | Snake:1  | Reached XP level 17. HP: 155/162 MP: 16/16
 29427 | Snake:2  | Noticed Vashnia
 29458 | Snake:2  | Killed Vashnia
 29458 | Snake:2  | Reached skill level 10 in Shields
 29689 | Snake:2  | Found a runed translucent gate.
 29689 | Snake:2  | Found a runed translucent gate.
 29689 | Snake:2  | Found a runed translucent gate.
 29690 | Snake:2  | Noticed Kicir's ghost (adept GnFi)
 30405 | Snake:4  | Entered Level 4 of the Snake Pit
 30405 | Snake:4  | Found Tihoil's General Store.
 31945 | Snake:4  | Reached XP level 18. HP: 148/170 MP: 17/17
 32210 | Snake:4  | Got a serpentine rune of Zot
 33599 | Swamp:2  | Noticed Donald
 33615 | Swamp:2  | Killed Donald
 34091 | Swamp:3  | Found a hazy altar of Hepliaklqana.
 34645 | Swamp:4  | Entered Level 4 of the Swamp
 35706 | Swamp:4  | Got a decaying rune of Zot
 36275 | Vaults:1 | Entered Level 1 of the Vaults
 36290 | Vaults:1 | Reached skill level 10 in Throwing
 36654 | Vaults:1 | Reached skill level 15 in Shields
 36892 | Vaults:1 | Reached XP level 19. HP: 170/177 MP: 18/18
 37548 | Vaults:1 | Reached skill level 18 in Unarmed Combat
 38485 | Elf:1    | Entered Level 1 of the Elven Halls
 38487 | Elf:1    | Noticed Asterion
 38505 | Elf:1    | Killed Asterion
 38680 | Elf:1    | Noticed Agnes
 38684 | Elf:1    | Killed Agnes
 39775 | Elf:2    | Found a huge runed translucent gate.
 39775 | Elf:2    | Found a huge runed translucent gate.
 39776 | Elf:2    | Found a huge runed translucent gate.
 39777 | Elf:2    | Found a huge runed translucent gate.
 39780 | Elf:2    | Found a huge runed translucent gate.
 39802 | Elf:2    | Reached skill level 19 in Unarmed Combat
 39928 | Elf:2    | Found Gegievix's Armour Emporium.
 40425 | Elf:3    | Entered Level 3 of the Elven Halls
 40441 | Elf:3    | Identified 2 scrolls of acquirement
 40987 | Elf:3    | Found Unone's Jewellery Boutique.
 40995 | Elf:3    | Bought the ring of the Thoughtful Dances {rElec rC+++ AC+2
                  | Str-5} for 1018 gold pieces
 41230 | Elf:3    | Reached XP level 20. HP: 185/185 MP: 19/19
 41300 | Elf:3    | Reached skill level 20 in Unarmed Combat
 41408 | Elf:3    | Identified the amulet of Zin's Displeasure {Spirit rPois}
 41409 | Elf:3    | Cast into level 3 of the Abyss (a deep elf sorcerer)
 41443 | Elf:3    | Escaped the Abyss
 41800 | Elf:3    | Identified the +2 war axe "Pounuati" {protect, rElec rF+
                  | MR+ Str-4 Int+3}
 42306 | Elf:3    | Identified the Tome of the Hills
 42370 | Elf:3    | Identified Waenoekh's Catalogue of Fetching Calling
 42831 | D:4      | Bought a potion of resistance for 110 gold pieces
 42831 | D:4      | Bought a potion of haste for 110 gold pieces
 42831 | D:4      | Bought a potion of haste for 110 gold pieces
 42831 | D:4      | Bought a potion of haste for 110 gold pieces
 42831 | D:4      | Bought a potion of haste for 110 gold pieces
 42984 | Orc:1    | Bought a manual of Fighting for 1545 gold pieces
 43178 | Depths:1 | Entered Level 1 of the Depths
 43533 | Depths:1 | Reached skill level 15 in Fighting
 43702 | Depths:1 | Found a gateway to a ziggurat.
 44139 | Depths:1 | Found a gateway to Hell.
 44484 | Depths:1 | Found a glowing silver altar of Zin.
 45176 | Depths:2 | Reached XP level 21. HP: 195/199 MP: 20/20
 45253 | Depths:2 | Found Iphefea's Magic Scroll Shoppe.
 45290 | Depths:2 | Bought a scroll of identify for 46 gold pieces
 45290 | Depths:2 | Bought a scroll of identify for 46 gold pieces
 45290 | Depths:2 | Bought a scroll of identify for 46 gold pieces
 45295 | Depths:2 | Bought a scroll of identify for 46 gold pieces
 45295 | Depths:2 | Bought a scroll of magic mapping for 80 gold pieces
 45295 | Depths:2 | Bought a scroll of magic mapping for 80 gold pieces
 45309 | Depths:2 | Found Vile's Gadget Shoppe.
 45382 | Depths:2 | Got a distressingly furry hat
 45393 | Depths:2 | Identified the cursed +0 hat of Lethargy {rCorr Str+4} (You
                  | found it on level 2 of the Depths)
 45415 | Depths:2 | Found a radiant altar of Vehumet.
 45428 | Depths:2 | Got a heavily runed hat
 45439 | Depths:2 | Identified the +1 hat "Pumip" {+Blink rF- Str+3 Dex+3} (You
                  | found it on level 2 of the Depths)
 45472 | Depths:2 | Got a spiked hat
 45483 | Depths:2 | Identified the +1 hat of Xahi Neps {rC+} (You found it on
                  | level 2 of the Depths)
 45533 | Depths:2 | Found Nacrot's Distillery.
 45762 | Depths:2 | Bought a potion of magic for 152 gold pieces
 45868 | Depths:2 | Noticed a juggernaut
 45906 | Depths:2 | Killed a juggernaut
 47884 | Vaults:2 | Found Qucasam's Antique Armour Emporium.
 47886 | Vaults:2 | Found a stormy altar of Qazlal.
 48363 | Vaults:2 | Found Numeat's General Store.
 48652 | Vaults:2 | Reached XP level 22. HP: 203/215 MP: 21/21
 48938 | Vaults:2 | Found Ishof's Gadget Boutique.
 48970 | Vaults:2 | Found a staircase to the Crypt.
 49471 | Depths:3 | Found a one-way gate leading to the halls of Pandemonium.
 49883 | Hell     | Entered the Vestibule of Hell
 49883 | Hell     | Noticed Geryon
 49944 | Depths:4 | Found a runed translucent door.
 49987 | Depths:4 | Found a runed translucent door.
 49987 | Depths:4 | Noticed an ancient lich
 49990 | Depths:4 | Noticed Plog's ghost (adept DgCj)
 50329 | Depths:4 | Found Veppot's General Store.
 50421 | Depths:4 | Found a one-way gate to the infinite horrors of the Abyss.
 50689 | Depths:4 | Noticed a golden dragon
 50697 | Depths:4 | Killed a golden dragon
 50790 | Depths:4 | Reached skill level 21 in Unarmed Combat
 51804 | Vaults:3 | Identified the +1 storm dragon scales "Hariuph" {rElec
                  | rPois MR+ Str+4 Int+8} (You acquired it on level 3 of the
                  | Vaults)
 52642 | Vaults:3 | Reached XP level 23. HP: 204/222 MP: 22/22
 53273 | Depths:4 | Reached skill level 22 in Unarmed Combat
 53692 | Depths:4 | Paralysed by a floating eye for 4 turns
 53707 | Depths:4 | Paralysed by a floating eye for 4 turns
 54004 | Depths:5 | Entered Level 5 of the Depths
 54704 | Depths:5 | Found a gate to the Realm of Zot.
 55322 | Vaults:4 | Reached skill level 15 in Throwing
 55495 | Vaults:4 | Reached skill level 15 in Armour
 56724 | Vaults:5 | Entered Level 5 of the Vaults
 56781 | Vaults:5 | Reached XP level 24. HP: 225/230 MP: 22/22
 56792 | Vaults:5 | Noticed Sojobo
 56797 | Vaults:5 | Identified the cursed +1 battleaxe of the Revolution {holy,
                  | +Rage Stlth+}
 56827 | Vaults:5 | Killed Sojobo
 57022 | Vaults:5 | Noticed Mennas
 57032 | Vaults:5 | Noticed an ancient lich
 57043 | Vaults:5 | Killed Mennas
 57104 | Vaults:5 | Cast into level 2 of the Abyss (a deep elf sorcerer)
 57283 | Abyss:3  | Found a corrupted altar of Lugonu.
 57431 | Vaults:5 | Escaped the Abyss
 57923 | Vaults:5 | Identified the +8 broad axe "Ysedairph" {pain, rC+ Str+4}
 57950 | Vaults:5 | Reached XP level 25. HP: 231/239 MP: 22/22
 58317 | Vaults:5 | Got a silver rune of Zot
 58847 | Vaults:5 | Killed an ancient lich
 58887 | Vaults:5 | Got an ancient cloak
 58888 | Vaults:5 | Identified the +0 cloak of the Lair of Beasts {MR+ Str+4
                  | Dex+4} (You acquired it on level 5 of the Vaults)
 59303 | Depths:4 | Bought a scroll of enchant armour for 120 gold pieces
 59430 | Zot:1    | Entered Level 1 of the Realm of Zot
 59758 | Zot:5    | Entered Level 5 of the Realm of Zot
 59970 | Zot:5    | Noticed an orb of fire
 59983 | Zot:5    | Killed an orb of fire
 60231 | Zot:5    | Noticed an orb of fire
 60244 | Zot:5    | Killed an orb of fire
 60335 | Zot:5    | Noticed a Killer Klown
 60338 | Zot:5    | Noticed a Killer Klown
 60380 | Zot:5    | Noticed a Killer Klown
 60412 | Zot:5    | Killed a Killer Klown
 60413 | Zot:5    | Noticed an orb of fire
 60434 | Zot:5    | Killed an orb of fire
 60589 | Zot:5    | Noticed an orb of fire
 60605 | Zot:5    | Gained mutation: You are weak. (Str -2) [an orb of fire]
 60609 | Zot:5    | Killed an orb of fire
 60609 | Zot:5    | Reached XP level 26. HP: 148/253 MP: 22/22
 61530 | Zot:5    | Noticed an ancient lich
 61544 | Zot:5    | Killed an ancient lich
 61583 | Zot:5    | Reached skill level 23 in Unarmed Combat
 61916 | Zot:5    | Noticed an ancient lich
 61931 | Zot:5    | Killed an ancient lich
 61944 | Zot:5    | Noticed an ancient lich
 61961 | Zot:5    | Killed an ancient lich
 61961 | Zot:5    | Reached skill level 24 in Unarmed Combat
 62152 | Zot:5    | Got the Orb of Zot
 62175 | Zot:5    | Noticed Ostruecs the pandemonium lord
 62186 | Zot:5    | Cast into level 5 of the Abyss (Ostruecs)
 62186 | Abyss:5  | Entered Level 5 of the Abyss
 62298 | Abyss:5  | Paralysed by accursed screaming for 1 turns
 62369 | Abyss:5  | Noticed an ancient lich
 62388 | Abyss:5  | Killed an ancient lich
 62392 | Zot:5    | Escaped the Abyss
 62410 | Zot:5    | Killed Ostruecs the pandemonium lord
 62410 | Zot:5    | Reached XP level 27. HP: 148/261 MP: 15/22
 62552 | Zot:3    | Reached skill level 25 in Unarmed Combat
 62722 | Depths:3 | Noticed an ancient lich
 62839 | D:15     | Noticed Geul Gue the pandemonium lord
 63268 | D:1      | Lost mutation: You are weak. (Str -2) [potion of mutation]
 63268 | D:1      | Gained mutation: Your body sometimes deteriorates upon
                  | taking damage. [potion of mutation]
 63268 | D:1      | Gained mutation: You have a pair of small horns on your
                  | head. [potion of mutation]
 63268 | D:1      | Gained mutation: You are very frail. (-20% HP) [potion of
                  | mutation]
 63268 | D:1      | Gained mutation: You are partially covered in slimy green
                  | scales. (AC +2) [potion of mutation]
 63269 | D:1      | Lost mutation: You are very frail. (-20% HP) [potion of
                  | mutation]
 63269 | D:1      | Lost mutation: Your body sometimes deteriorates upon taking
                  | damage. [potion of mutation]
 63269 | D:1      | Lost mutation: You have a pair of small horns on your head.
                  | [potion of mutation]
 63269 | D:1      | Gained mutation: Your system is resistant to poisons.
                  | (rPois) [potion of mutation]
 63269 | D:1      | Gained mutation: You are somewhat resistant to further
                  | mutation. [potion of mutation]
 63277 | D:$      | Escaped with the Orb!

Skill      XL: |  1  2  3  4  5  6  7  8  9 10 11 12 13 14 15 16 17 18 19 20 21 22 23 24 25 26 27 |
---------------+----------------------------------------------------------------------------------+-----
Unarmed Combat | 6 9 11 12 13 15 16 17 19 20 21 22 24 25 | 25.3
Throwing       | 2 3 5 7 8 10 12 14 15 16 | 16.0
Fighting       | 3 4 5 6 8 9 10 12 14 16 18 19 20 | 20.0
Shields        | 2 6 9 13 15 | 15.0
Evocations     | 4 0 |  0.0
Armour         | 1 6 10 11 14 15 18 19 20 | 20.0
Maces & Flails | 4 6 |  6.0
Dodging        | 0 |  0.0
Stealth        | |  1.0

Action                   |  1- 3 |  4- 6 |  7- 9 | 10-12 | 13-15 | 16-18 | 19-21 | 22-24 | 25-27 || total
-------------------------+-------+-------+-------+-------+-------+-------+-------+-------+-------++-------
Melee: Unarmed           |    54 |   103 |   253 |   764 |  1379 |  1804 |  1808 |  1789 |   938 ||  8892
       Punch             |       |     3 |     3 |       |       |       |       |       |       ||     6
       Flail             |       |       |       |     4 |    18 |       |       |       |       ||    22
Throw: Dart              |    11 |    12 |    29 |   112 |    52 |    13 |    37 |       |       ||   266
       Stone             |     1 |       |       |       |       |       |       |       |       ||     1
       Boomerang         |       |       |     2 |    16 |    45 |    12 |    19 |       |       ||    94
       Large rock        |       |       |       |       |     6 |    26 |    29 |    58 |    78 ||   197
       Javelin           |       |       |       |       |     6 |     1 |    13 |     5 |     5 ||    30
       Throwing net      |       |       |       |       |       |       |     4 |       |     3 ||     7
Invok: Sacrifice Arcana  |       |       |     1 |       |       |       |       |       |       ||     1
       Sacrifice Health  |       |       |       |     1 |       |       |       |       |       ||     1
       Sacrifice Artific |       |       |       |     1 |       |       |       |       |       ||     1
       Reject Sacrifices |       |       |       |     1 |       |       |       |       |       ||     1
       Apocalypse        |       |       |       |     2 |     8 |     4 |     8 |     5 |     2 ||    29
       Power Leap        |       |       |       |     1 |     7 |       |     1 |       |       ||     9
       Sacrifice Nimblen |       |       |       |       |     1 |       |       |       |       ||     1
Evoke: Wand              |       |       |     1 |    11 |       |       |       |       |       ||    12
  Use: Potion            |     1 |     1 |       |     3 |     7 |     3 |     3 |     7 |    19 ||    44
       Scroll            |       |       |     4 |     4 |    12 |     6 |    12 |    20 |    16 ||    74
 Stab: Sleeping          |       |     2 |     2 |     1 |       |       |       |       |       ||     5
       Distracted        |       |     1 |       |     1 |    10 |     7 |     9 |    10 |     6 ||    44
       Invisible         |       |       |       |     8 |     6 |    13 |    13 |     7 |     4 ||    51
       Confused          |       |       |       |     1 |       |       |       |       |       ||     1
       Paralysed         |       |       |       |     1 |    33 |    18 |    19 |     9 |     4 ||    84
       Petrified         |       |       |       |       |     2 |     1 |       |       |       ||     3
  Eat: Chunk             |    11 |    10 |    37 |    75 |   102 |    94 |   107 |    79 |    38 ||   553
       Ration            |       |       |       |       |     2 |     5 |       |       |     4 ||    11
Armor: Robe              |    21 |    45 |    30 |       |       |       |       |       |       ||    96
       Troll leather arm |       |       |    65 |   149 |   125 |       |       |       |       ||   339
       Swamp dragon scal |       |       |       |       |   177 |   506 |   162 |       |       ||   845
       Fire dragon scale |       |       |       |       |     4 |       |   220 |   257 |       ||   481
       Gold dragon scale |       |       |       |       |       |       |       |   215 |   229 ||   444
Dodge: Dodged            |    49 |    52 |   123 |   204 |   351 |   376 |   218 |   211 |    39 ||  1623
Block: Shield            |       |       |    22 |   351 |   514 |   218 |       |       |       ||  1105
       Large shield      |       |       |       |       |       |   971 |  1135 |  1191 |   628 ||  3925
       Reflection        |       |       |       |       |       |       |       |       |    11 ||    11

Table legend:
 A = Turns spent in this place as a percentage of turns spent in the entire game.
 B = Non-inter-level travel turns spent in this place as a percentage of non-inter-level travel turns spent in the entire game.
 C = Inter-level travel turns spent in this place as a percentage of turns spent in this place.
 D = Turns resting spent in this place as a percentage of non-inter-level travel turns spent in this place.
 E = Turns spent auto-exploring this place as a percentage of non-inter-level travel turns spent in this place.
 F = Non-inter-level travel turns spent in this place divided by the number of levels of this place that you've seen.
                   A       B       C       D       E      F
               +-------+-------+-------+-------+-------+----------------------
         Total | 100.0 | 100.0 |  12.0 |  17.5 |  50.2 | 976.8
       Dungeon |  27.3 |  23.8 |  23.1 |   6.6 |  65.1 | 884.8
        Temple |   0.1 |   0.1 |  17.2 |   0.0 |  56.2 |  48.0
          Lair |  14.6 |  14.8 |  10.6 |  17.5 |  55.0 | 1376.8
         Swamp |   6.3 |   6.9 |   4.0 |  22.0 |  52.1 | 959.8
     Snake Pit |   7.5 |   8.2 |   4.1 |  25.0 |  42.7 | 1143.5
  Orcish Mines |   3.4 |   3.5 |   7.5 |  16.3 |  46.6 | 980.5
   Elven Halls |   6.5 |   7.1 |   4.8 |  19.5 |  52.5 | 1311.3
        Vaults |  13.3 |  13.9 |   8.3 |  15.3 |  47.3 | 1546.4
        Depths |  14.5 |  14.5 |  12.6 |  24.5 |  43.2 | 1610.0
          Hell |   0.0 |   0.0 |   0.0 |   0.0 |   0.0 |   2.0
           Zot |   4.7 |   5.3 |   1.3 |  38.1 |  19.2 | 586.0
         Abyss |   0.9 |   1.0 |   0.0 |   4.4 |   0.0 | 141.8
         Sewer |   0.2 |   0.2 |   0.0 |   0.0 |   0.0 | 131.0
      Gauntlet |   0.6 |   0.7 |   0.0 |   9.5 |  23.5 | 378.0
               +-------+-------+-------+-------+-------+----------------------

Table legend:
 A = Kills in this place as a percentage of kills in entire the game.
 B = Kills by you in this place as a percentage of kills by you in the entire game.
 C = Kills by friends in this place as a percentage of kills by friends in the entire game.
 D = Other kills in this place as a percentage of other kills in the entire game.
 E = Experience gained in this place as a percentage of experience gained in the entire game.
 F = Experience gained in this place divided by the number of levels of this place that you have seen.
                   A       B       C       D       E      F
               +-------+-------+-------+-------+-------+----------------------
         Total | 100.0 | 100.0 | 100.0 | 100.0 | 100.0 | 27010.8
       Dungeon |  20.2 |  20.1 | 100.0 |  20.0 |   6.2 | 6392.2
          Lair |  11.7 |  11.6 |   0.0 |  16.7 |   5.2 | 13346.7
         Swamp |   5.6 |   5.5 |   0.0 |  13.3 |   4.0 | 15500.5
     Snake Pit |   8.8 |   8.9 |   0.0 |   3.3 |   7.8 | 29879.8
  Orcish Mines |   5.3 |   5.4 |   0.0 |   0.0 |   1.0 | 7900.5
   Elven Halls |   4.4 |   4.4 |   0.0 |   6.7 |   6.1 | 31429.0
        Vaults |  21.2 |  21.3 |   0.0 |  16.7 |  26.5 | 81651.0
        Depths |  14.6 |  14.7 |   0.0 |   6.7 |  20.7 | 63719.4
           Zot |   5.0 |   4.9 |   0.0 |  16.7 |  19.1 | 58954.6
         Abyss |   2.5 |   2.6 |   0.0 |   0.0 |   3.0 | 11525.8
         Sewer |   0.3 |   0.3 |   0.0 |   0.0 |   0.0 | 137.0
      Gauntlet |   0.4 |   0.4 |   0.0 |   0.0 |   0.3 | 4176.0
               +-------+-------+-------+-------+-------+----------------------

Levels and vault maps discovered:
D:1:      minmay_arrival_hallway, layout_loops_ring
D:2:      layout_rooms, first_ration, uniq_sigmund, uniq_jessica
D:3:      layout_basic, nicolae_overflow_crystal_walls,
          ebering_ghost_disaster_area, uniq_grinder
D:4:      layout_loops_ring, serial_shops, shop_statue, gup_sewer_entry_bowl
D:5:      layout_basic, tgw_trog, uniq_pikel
D:6:      layout_cave_pools, minmay_temple_entry_large_hall, basic_altar,
          minmay_guarded_unrand_staff_of_olgreb
D:7:      layout_loops_ring
D:8:      layout_loops_corners, serial_shops, nicolae_shop_trees, uniq_joseph
D:9:      layout_loops_ring, erik_orc_1, uniq_harold
D:10:     layout_loops_corners, erik_lair_dragon, grunt_tengu_nest
D:11:     layout_long_grid, serial_shops, nicolae_shop_stone
D:12:     layout_basic, uniq_nessos
D:13:     gammafunk_corrupted_shrine, layout_basic, serial_park_tiny_pond
D:14:     layout_loops_cross, skrybe_vaults_entry_preservation, basic_altar,
          kennysheep_island_fort
D:15:     gammafunk_depths_entry_grave, layout_small_grid, serial_shops,
          nicolae_shop_temple_entry_statues_fountains, uniq_azrael
Temple:   grunt_wide_crystal_templ
Lair:1:   layout_misc_corridors
Lair:2:   layout_cave_pods, minmay_snake_entry_guardpost_small
Lair:3:   layout_small_grid, serial_rivers, chequers_serial_rivers_micro_a,
          chequers_serial_rivers_micro_c, chequers_serial_rivers_small_b,
          chequers_serial_rivers_micro_b, chequers_serial_rivers_room_b,
          beast_lair_carwin_6
Lair:4:   regret_index_tunnel_blossom, layout_regular_city, swamp_mist,
          basic_altar, gammafunk_ghost_berserking_beasts, uniq_josephine,
          uniq_nergalle
Lair:5:   lemuel_slime, layout_layer_cave, dpeg_slime_entry_corner,
          chequers_serial_rivers_room_b
Lair:6:   guppyfry_lair_end_dragon, layout_loops_ring, hangedman_lair_in_review,
          serial_bayou_pond_c, wad_woods_02, uniq_rupert, uniq_sonja
Swamp:1:  layout_basic_swamp, evilmike_swamp_ruin_house_1
Swamp:2:  layout_falls_marsh, evilmike_swamp_ruin_rubble_1, uniq_donald
Swamp:3:  layout_basic_swamp, basic_altar, infiniplex_staircase_pool
Swamp:4:  swamp_fiery, layout_basic_swamp
Snake:1:  cheibrodos_snake_ritualist_ritual, layout_layer_cave,
          grunt_ministairs_11, drop_trap, st_stairs_11, grunt_megastairs_1
Snake:2:  nicolae_snake_nest, layout_rooms, gammafunk_ghost_split, uniq_frances,
          uniq_vashnia
Snake:3:  layout_rooms
Snake:4:  johnstein_snake_rune_scales, layout_onion, serial_shops, shop,
          lemuel_fruit_tree
Orc:1:    layout_diamond_mine, serial_shops, shop,
          nicolae_shop_overgrown_old_shop, nicolae_alphabet_shops, uniq_urug
Orc:2:    grunt_orc_community_town_hall, layout_diamond_mine,
          grunt_orc_community_big_house_1, grunt_orc_community_big_house_1,
          grunt_orc_community_house_3, grunt_orc_community_house_2,
          grunt_orc_community_house_3, grunt_orc_community_house_2,
          grunt_orc_community_house_2, gauntlet_entry_generic, minmay_orc_keep
Elf:1:    eino_elf_arrival_sip, layout_gridlike, minmay_elf_crystal_hexagon,
          wad_floor_pattern_untrapped, uniq_agnes, uniq_asterion
Elf:2:    layout_onion_city, serial_shops, shop
Elf:3:    elf_hall_gauntlet_wide, layout_gridlike, serial_shops, shop_coins
Vaults:1: hangedman_vaults_variations, v_misc_26, nicolae_vaults_circle_grid_a,
          ontoclasm_vaults_tryst, vaults_room_stairs_pillars, v_misc_10,
          v_pattern_3, nicolae_vaults_asterisk,
          nicolae_vaults_diagonal_hallway_6, ontoclasm_vaults_chip,
          vaults_room_corners, nicolae_vaults_little_squares_6,
          layout_vaults_omnigrid
Vaults:2: minmay_crypt_entry_simple_sparse, nicolae_vaults_shelves_hall,
          v_misc_32, ontoclasm_vaults_pinch, hangedman_vaults_corner,
          ontoclasm_vaults_gallery, v_misc_12, nicolae_vaults_twisting_passages,
          ontoclasm_vaults_misaligned, grunt_vaults_hallway_short,
          vaults_mumra_chevron_long, ontoclasm_vaults_loading_screen,
          vaults_room_pools, ontoclasm_vaults_gateway,
          nicolae_vaults_little_squares_6, layout_vaults_omnicross,
          serial_shops, shop, shop_statue, nicolae_shop_crystal, basic_altar
Vaults:3: v_misc_11, nicolae_vaults_stairing_the_circle,
          nicolae_vaults_little_squares_2, vaults_mumra_chevron, v_misc_26,
          vaults_standard_mumra_enter_the_diamond, hangedman_vaults_capsules,
          nicolae_vaults_specimen_jars, hangedman_vaults_slice,
          nicolae_vaults_statue_guard, layout_vaults_maze_snakey
Vaults:4: hangedman_vaults_nails, nicolae_vaults_murderbox,
          vaults_room_grunt_arrival_ludios, v_misc_33, nicolae_vaults_little_ls,
          v_misc_8, v_pattern_2, v_misc_24, vaults_dpeg_diagonal,
          nicolae_vaults_little_squares_3, dpeg_vaults_monster_box, v_misc_5,
          nicolae_vaults_theta, nicolae_vaults_little_squares_3,
          layout_vaults_ring
Vaults:5: serial_shops, uniq_mennas, uniq_sojobo
Depths:1: evilmike_silver_temple, layout_basic, enter_ziggurat_d,
          solitary_fountain, grunt_hell_horde, minmay_misc_feat_ornament,
          lightli_minifort
Depths:2: minmay_connected_boxes_in_corner, layout_small_grid, hell_entry,
          serial_shops, shop, kennysheep_mini, shop, bh_walls_and_bars,
          grunt_tower_of_power, infiniplex_staircase_zigzag_4
Depths:3: minmay_inside_and_out, layout_long_grid, hangedman_decor_lopped,
          pan_entry, hell_entry, minmay_staircase_windowed_small
Depths:4: minmay_big_diamond_grid, layout_basic, minmay_misc_feat_alley,
          muffindrake_ghost_dual_entry, hell_entry, serial_shops, shop,
          abyss_entry
Depths:5: evilmike_zot_entry_hall, layout_basic, pf_hell_entry_great_geh,
          chequers_serial_rivers_small_a
Hell
Zot:1:    layout_basic
Zot:2:    grunt_zot_stairs_faceoff, layout_cathedral_of_symmetry
Zot:3:    layout_misc_corridors, grunt_megastairs_2
Zot:4:    layout_gridlike, nicolae_zot_crop_circle, lemuel_elevator
Zot:5:    layout_basic
